 Dungeon Crawl Stone Soup version 0.24-a0-725-gf1a930fc54 (webtiles) character file.

Game seed: 17913280144185652520, levelgen mode: deterministic

44530 Gargoyl the Fighter (level 13, -6/116 HPs)
             Began as a Centaur Abyssal Knight on Oct 1, 2019.
             Was an Elder of Lugonu.
             Mangled by a red ugly thing (23 damage)
             ... on level 15 of the Dungeon.
             The game lasted 00:29:18 (23101 turns).

Gargoyl the Fighter (Centaur Abyssal Knight)       Turns: 23101, Time: 00:29:18

Health: -6/116     AC: 19    Str: 17    XL:     13   Next: 96%
Magic:  20/20      EV:  4    Int: 14    God:    Lugonu [****..]
Gold:   577        SH: 11    Dex: 12    Spells: 12/12 levels left

rFire    . . .     SeeInvis .   x - +9 war axe (flame)
rCold    + + .     Gourm    .   j - +0 shield
rNeg     . . .     Faith    .   g - +1 plate armour
rPois    +         Spirit   .   G - +0 helmet {Int+3}
rElec    .         Reflect  +   d - +2 cloak
rCorr    .         Harm     .   n - +0 pair of gloves
MR       .....                  (no barding)
Stlth    ..........             l - +2 amulet of reflection
HPRegen  0.29/turn              f - ring of protection from cold
MPRegen  0.17/turn              y - ring of poison resistance

@: very quick
A: large, hooves 3, cold resistance 1, deformed body, speed 2, tough skin 3,
MP-powered wands
a: Depart the Abyss, Bend Space, Banish, Corrupt, Renounce Religion


You were on level 15 of the Dungeon.
You worshipped Lugonu.
Lugonu was greatly pleased with you.
You were not hungry.

You visited 1 branch of the dungeon, and saw 15 of its levels.
You visited the Abyss 1 time.

You collected 1132 gold pieces.
You spent 555 gold pieces at shops.

Inventory:

Hand Weapons
 a - a +1 hand axe
 u - a +3 war axe
 x - a +9 war axe of flaming (weapon)
Missiles
 q - 11 boomerangs (quivered)
Armour
 d - a +2 cloak (worn)
 g - a +1 plate armour (worn)
 j - a +0 shield (worn)
 n - a +0 pair of gloves (worn)
 G - a +0 helmet of intelligence (worn)
Jewellery
 e - an uncursed ring of protection from fire
 f - a ring of protection from cold (left hand)
 l - a +2 amulet of reflection (around neck)
 y - a ring of poison resistance (right hand)
Wands
 s - a wand of flame (31)
 B - a wand of random effects (21)
 D - a wand of enslavement (8)
 E - a wand of acid (9)
 F - a wand of paralysis (10)
Scrolls
 h - 4 scrolls of identify
 i - 3 scrolls of blinking
 r - 3 scrolls of teleportation
 t - 3 scrolls of fear
 w - a scroll of fog
Potions
 b - 3 potions of heal wounds
 k - a potion of cancellation
 m - a potion of mutation
 o - 7 potions of curing
 v - a potion of flight
 z - 3 potions of might
 A - a potion of magic
 C - 4 potions of haste
 H - a potion of lignification
 I - a potion of agility
Comestibles
 c - 22 rations


   Skills:
 + Level 11.2 Fighting
 + Level 10.5 Axes
 + Level 2.1 Throwing
 * Level 9.8 Armour
 * Level 6.5 Dodging
 + Level 4.7 Shields
 * Level 10.5 Invocations
 + Level 2.0 Evocations


You had 12 spell levels left.
You didn't know any spells.
Your spell library contained the following spells:

 Spells                   Type           Power        Failure   Level  Hunger
 Animate Skeleton         Necr           N/A          100%        1    ##.....
 Apportation              Tloc           #.....       100%        1    ##.....
 Confusing Touch          Hex            #.....       100%        1    ##.....
 Magic Dart               Conj           #...         100%        1    ##.....
 Pain                     Necr           #...         100%        1    ##.....
 Summon Small Mammal      Summ           #...         100%        1    ##.....
 Blink                    Tloc           N/A          100%        2    ###....
 Call Imp                 Summ           #.......     100%        2    ###....
 Slow                     Hex            #.......     100%        2    ###....
 Conjure Flame            Conj/Fire      #.......     100%        3    ####...
 Mephitic Cloud           Conj/Pois/Air  #.......     100%        3    ####...
 Regeneration             Chrm/Necr      #.........   100%        3    ####...
 Vampiric Draining        Necr           #.........   100%        3    ####...
 Animate Dead             Necr           N/A          100%        4    #####..


Dungeon Overview and Level Annotations

Branches:
Dungeon (15/15)            Temple (0/1) D:7            Lair (0/6) D:10
    Orc (0/2) D:11         Vaults (0/5) D:13         Depths (0/5) D:15

Altars:
Elyvilon
Fedhas
Kikubaaqudgha
Nemelex Xobeh
Qazlal
Trog
Wu Jian
The Shining One

Shops:
D:9 !   D:10 *


Innate Abilities, Weirdness & Mutations

You have hooves in place of feet.
Armour fits poorly on your strangely shaped body.
You cover ground very quickly.
You have extremely tough skin. (AC +3)
Your flesh is cold resistant. (rC+)
You expend magic power (3 MP) to strengthen your wands.


Message History

The red ugly thing is heavily wounded.
You slash the red ugly thing! You burn the red ugly thing.
The red ugly thing stings you.
You are engulfed in flames!
You block the red ugly thing's attack.
Unknown command.
You slash the red ugly thing! You burn the red ugly thing.
Your kick misses the red ugly thing.
The red ugly thing is severely wounded.
You slash the red ugly thing! You burn the red ugly thing.
The red ugly thing barely misses you. You block the red ugly thing's attack.
Unknown command.
You completely miss the red ugly thing.
The red ugly thing is heavily wounded.
You hit the red ugly thing. You burn the red ugly thing.
The red ugly thing stings you!
You are engulfed in flames!!
* * * LOW HITPOINT WARNING * * *
The red ugly thing claws you.
* * * LOW HITPOINT WARNING * * *
You are engulfed in flames!!
You die...

,,,,,,,* #..#
*****,,* #..# *,,*
#..# *,,* #..#
*,,* #..# #..#
#..# #..# #..#
#..# #..# #..#
#.@# #..# #uu#
#..# #..#
#..########..#
#............#
#.^..........#
#####..########..#
.......# #..#
.......# #..#


You could see 2 ugly things.

Vanquished Creatures
  A tentacled starspawn (Abyss:2)
  Erolcha (D:9)
  2 hydras
  8 vault guards
  6 two-headed ogres
  3 centaur warriors
  A tengu warrior (D:14)
  2 unseen horrors (D:15)
  An orc knight (D:11)
  2 deep elf magi
  A cyclops (D:14)
  9 ugly things
  2 manticores
  A centaur zombie (D:12)
  A black mamba (shapeshifter) (D:15)
  An elephant (D:10)
  3 gargoyles
  An efreet (D:14)
  A komodo dragon (D:14)
  3 freezing wraiths
  A redback zombie (D:15)
  2 tengu conjurers
  5 trolls
  A meliai (D:15)
  2 hippogriffs (D:11)
  A hippogriff (shapeshifter) (D:13)
  A centaur simulacrum (D:14)
  A vampire (D:13)
  Sigmund (D:2)
  A large abomination (Abyss:2)
  A shadow (D:12)
  A spriggan (D:7)
  A wraith (D:9)
  3 wyverns
  19 yaks
  A basilisk (D:10)
  2 hungry ghosts
  A hog (shapeshifter) (D:15)
  A water moccasin (D:10)
  2 acid dragons
  11 sky beasts
  3 black bears
  An eye of draining (D:14)
  3 orc warriors
  4 phantoms
  8 ice beasts
  13 ogres
  8 centaurs
  A necrophage (D:13)
  2 crocodiles
  2 big kobolds
  10 bullfrogs
  3 wyvern zombies
  A water moccasin zombie (D:8)
  5 scorpions
  14 wights
  6 howler monkeys
  2 bullfrog zombies
  2 crimson imps
  2 quasits
  7 hounds
  5 jellies
  Crazy Yiuf (D:2)
  3 centaur skeletons
  6 orc priests
  2 iguanas
  Terence (D:2)
  4 orc wizards
  8 worker ants
  A killer bee zombie (D:9)
  2 hound zombies
  A hound skeleton (D:7)
  A worker ant zombie (D:11)
  6 gnolls
  10 adders
  4 shadow imps
  An adder zombie (D:9)
  An adder skeleton (D:9)
  3 worms
  4 leopard geckos
  32 orcs
  6 giant cockroaches
  7 hobgoblins
  6 jackals
  A quokka (D:9)
  2 ball pythons
  A ball python skeleton (D:5)
  4 bats
  5 frilled lizards
  4 goblins
  13 kobolds
  2 leopard gecko skeletons
  A quokka skeleton (D:6)
  5 rats
  A fungus (D:2)
360 creatures vanquished.

Vanquished Creatures (others)
  2 two-headed ogres
  2 unseen horrors
  A wizard (D:15)
  A deep elf mage (D:15)
  A freezing wraith (D:14)
  2 meliai (D:15)
  5 centaurs
  3 starspawn tentacles (Abyss:2)
17 creatures vanquished.

Grand Total: 377 creatures vanquished

Notes
Turn   | Place    | Note
-------+----------+-------------------------------------------
     0 | Abyss:1  | Gargoyl the Centaur Abyssal Knight began the quest for the
                  | Orb.
     0 | Abyss:1  | Reached XP level 1. HP: 19/19 MP: 2/2
     0 | Abyss:1  | Found a corrupted altar of Lugonu.
    40 | Abyss:2  | Noticed a tentacled starspawn
    50 | Abyss:2  | Killed a tentacled starspawn
    50 | Abyss:2  | Reached skill level 8 in Fighting
    50 | Abyss:2  | Reached skill level 1 in Dodging
    50 | Abyss:2  | Reached skill level 1 in Evocations
    50 | Abyss:2  | Reached XP level 2. HP: 32/36 MP: 3/5
    50 | Abyss:2  | Reached XP level 3. HP: 37/41 MP: 3/6
    50 | Abyss:2  | Reached XP level 4. HP: 44/49 MP: 3/7
    50 | Abyss:2  | Reached XP level 5. HP: 50/56 MP: 3/8
    50 | Abyss:2  | Reached XP level 6. HP: 56/62 MP: 3/9
    50 | Abyss:2  | Reached XP level 7. HP: 62/69 MP: 3/10
    50 | Abyss:2  | Reached XP level 8. HP: 68/75 MP: 3/11
    95 | Abyss:2  | Noticed a smoke demon
   106 | Abyss:2  | Noticed a smoke demon
   107 | D:1      | Escaped the Abyss
   370 | D:1      | Reached * piety under Lugonu
   870 | D:2      | Noticed Terence
   887 | D:2      | Killed Terence
  1149 | D:2      | Reached skill level 9 in Fighting
  1270 | D:2      | Noticed Sigmund
  1282 | D:2      | Killed Sigmund
  1564 | D:2      | Found a runed translucent door.
  1565 | D:2      | Noticed Crazy Yiuf
  1578 | D:2      | Killed Crazy Yiuf
  1578 | D:2      | Reached XP level 9. HP: 73/83 MP: 12/12
  1805 | D:3      | Found a faded altar of an unknown god.
  1925 | D:3      | Reached ** piety under Lugonu
  2875 | D:4      | Noticed a two-headed ogre
  3219 | D:4      | Killed a two-headed ogre
  3219 | D:4      | Reached skill level 5 in Axes
  3219 | D:4      | Reached skill level 1 in Shields
  3219 | D:4      | Reached skill level 5 in Invocations
  4013 | D:5      | Entered Level 5 of the Dungeon
  4153 | D:4      | HP: 4/83 [poisoned by a gnoll]
  4908 | D:5      | Reached skill level 5 in Armour
  5620 | D:5      | Reached *** piety under Lugonu
  5945 | D:6      | Reached XP level 10. HP: 89/91 MP: 14/14
  6409 | D:7      | Got a brightly glowing centaur barding
  6426 | D:7      | Identified the +4 centaur barding of Pataizaw {rC+ MR+
                  | Str-5} (You found it on level 7 of the Dungeon)
  6496 | D:7      | Found a staircase to the Ecumenical Temple.
  6525 | D:7      | Found a white marble altar of Elyvilon.
  6549 | D:7      | Reached skill level 1 in Throwing
  7380 | D:8      | Found a blossoming altar of Fedhas.
  7601 | D:8      | Noticed a two-headed ogre
  7614 | D:8      | Banished a two-headed ogre
  8058 | D:8      | Found a bloodstained altar of Trog.
  8157 | D:8      | Found an ancient bone altar of Kikubaaqudgha.
  8158 | D:8      | Found an ornate altar of the Wu Jian Council.
  8166 | D:8      | Reached **** piety under Lugonu
  8755 | D:8      | Reached XP level 11. HP: 63/99 MP: 16/16
  9466 | D:9      | Found Ydghourr's Distillery.
  9471 | D:9      | Bought a potion of heal wounds for 75 gold pieces
  9471 | D:9      | Bought a potion of heal wounds for 75 gold pieces
  9471 | D:9      | Bought 2 potions of haste for 300 gold pieces
  9511 | D:9      | Noticed a two-headed ogre
  9524 | D:9      | Killed a two-headed ogre
  9857 | D:9      | Noticed a two-headed ogre
  9989 | D:9      | Banished a two-headed ogre
 10375 | D:9      | Noticed a two-headed ogre
 10402 | D:9      | Killed a two-headed ogre
 10683 | D:9      | Banished an unseen horror
 10683 | D:9      | Reached skill level 10 in Fighting
 11180 | D:9      | Noticed Erolcha
 11190 | D:9      | Killed Erolcha
 11444 | D:9      | Found a glowing golden altar of the Shining One.
 11674 | D:10     | Entered Level 10 of the Dungeon
 11916 | D:10     | Found a staircase to the Lair.
 12190 | D:10     | Found Tentuwk's Assorted Antiques.
 12193 | D:10     | Bought a potion of heal wounds for 105 gold pieces
 12903 | D:11     | Reached XP level 12. HP: 73/106 MP: 18/18
 13274 | D:11     | Reached skill level 5 in Dodging
 13355 | D:11     | Noticed a two-headed ogre
 13388 | D:11     | Killed a two-headed ogre
 13983 | D:11     | Found a staircase to the Orcish Mines.
 14025 | D:11     | Reached ***** piety under Lugonu
 14588 | D:12     | Noticed an eight-headed hydra
 14601 | D:12     | Killed a one-headed hydra
 15573 | D:12     | Found a stormy altar of Qazlal.
 16426 | D:12     | Gained mutation: You are frail. (-10% HP) [potion of
                  | mutation]
 16426 | D:12     | Gained mutation: You expend magic power (3 MP) to
                  | strengthen your wands. [potion of mutation]
 16427 | D:12     | Lost mutation: You are frail. (-10% HP) [potion of
                  | mutation]
 16427 | D:12     | Lost mutation: You expend magic power (3 MP) to strengthen
                  | your wands. [potion of mutation]
 16427 | D:12     | Gained mutation: You are agile. (Dex +2) [potion of
                  | mutation]
 16427 | D:12     | Gained mutation: You have a pair of small horns on your
                  | head. [potion of mutation]
 16428 | D:12     | Lost mutation: You are agile. (Dex +2) [potion of mutation]
 16428 | D:12     | Lost mutation: You have a pair of small horns on your head.
                  | [potion of mutation]
 16428 | D:12     | Gained mutation: Your flesh is cold resistant. (rC+)
                  | [potion of mutation]
 16428 | D:12     | Gained mutation: You expend magic power (3 MP) to
                  | strengthen your wands. [potion of mutation]
 16505 | D:13     | Noticed a centaur warrior
 16513 | D:13     | Killed a centaur warrior
 16613 | D:13     | Found a glowing golden altar of the Shining One.
 16710 | D:13     | Noticed a vault guard
 16710 | D:13     | Noticed a vault guard
 16710 | D:13     | Noticed a vault guard
 16711 | D:13     | Found a gate to the Vaults.
 16711 | D:13     | Noticed a vault guard
 16711 | D:13     | Noticed a vault guard
 16711 | D:13     | Noticed a vault guard
 16712 | D:13     | Noticed a vault guard
 16712 | D:13     | Noticed a vault guard
 16719 | D:13     | Killed a vault guard
 16725 | D:13     | Killed a vault guard
 16757 | D:12     | Killed a vault guard
 16940 | D:12     | Killed a vault guard
 17111 | D:13     | Killed a vault guard
 17111 | D:13     | Reached XP level 13. HP: 94/114 MP: 20/20
 17605 | D:13     | Got a wavering ruby amulet
 17638 | D:13     | Identified the amulet of Xiwammoth {Spirit MR+++ Dex+5
                  | Slay-6} (You found it on level 13 of the Dungeon)
 17670 | D:13     | Got a polished leather armour
 17671 | D:13     | Identified the +1 leather armour of Somewhere Else {rElec
                  | Int+3} (You found it on level 13 of the Dungeon)
 18346 | D:14     | Reached skill level 10 in Axes
 19814 | D:14     | Found a sparkling altar of Nemelex Xobeh.
 19822 | D:14     | Reached skill level 10 in Invocations
 20911 | D:15     | Entered Level 15 of the Dungeon
 20918 | D:15     | Reached skill level 11 in Fighting
 21366 | D:15     | Found a frozen archway.
 23101 | D:15     | Mangled by a red ugly thing

Levels and vault maps discovered:
D:1:      minmay_arrival_five_plusses, layout_loops_cross
D:2:      layout_loops_ring, first_ration, uniq_sigmund,
          uniq_crazy_yiuf_cottage, uniq_terence
D:3:      layout_loops_ring, chequers_ecumenical_altar_simple_redux
D:4:      layout_gridville
D:5:      layout_loops_ring
D:6:      layout_basic, guppyfry_shop_venom
D:7:      layout_loops_ring, overflow_temple_1_default,
          minmay_temple_entry_gardened_gates, the_bakery
D:8:      argonaut_augean_stables, layout_basic, fedhas_altar_1,
          gammafunk_temple_overflow_pools, basic_altar
D:9:      minmay_the_grid_octo_tiled_squarecenter [minmay_the_grid_octo_77,
          minmay_the_grid_octo_tetromino_candy, minmay_the_grid_octo_toaster,
          minmay_the_grid_octo_clover_2,
          minmay_the_grid_square_5x5_megaprize_checkered,
          minmay_the_grid_square_5x5_lines, minmay_the_grid_square_5x5_spiral,
          minmay_the_grid_square_5x5_broken_cross,
          minmay_the_grid_square_5x5_n], layout_loops_ring, basic_altar,
          serial_shops, nicolae_shop_statue_plus, uniq_erolcha
D:10:     layout_roguey, david_lair_generic, serial_shops,
          nicolae_shop_behind_doors, centaur_isle
D:11:     minmay_diamond_stairs, layout_irregular_city
D:12:     layout_stronghold, basic_altar
D:13:     layout_roguey, erik_vaults_2, tso_metal_star
D:14:     layout_cave_pods, infiniplex_staircase_spiral, gauntlet_entry_generic,
          nemelex_diamond_rough_becter
D:15:     grunt_enter_depths_hoard, layout_long_grid,
          portal_ice_cave_entry_pillars_1, minmay_misc_feat_five

Skill      XL: |  1  2  3  4  5  6  7  8  9 10 11 12 13 |
---------------+----------------------------------------+-----
Fighting       | 8 9 10 11 | 11.2
Axes           | 3 4 5 7 8 9 10 | 10.5
Armour         | 3 5 6 7 8 9 |  9.8
Dodging        | 1 2 3 4 5 6 |  6.5
Invocations    | 4 5 6 8 9 10 | 10.5
Evocations     | 1 2 |  2.0
Shields        | 1 2 3 4 |  4.7
Throwing       | 1 2 |  2.1

Action                   |  1- 3 |  4- 6 |  7- 9 | 10-12 | 13-15 || total
-------------------------+-------+-------+-------+-------+-------++-------
Melee: Hand axe          |       |       |   358 |       |       ||   358
       Kick              |       |       |   112 |   215 |    86 ||   413
       War axe           |       |       |    49 |   763 |   319 ||  1131
Throw: Boomerang         |       |       |     7 |    24 |     5 ||    36
Invok: Depart the Abyss  |       |       |     1 |       |       ||     1
       Bend Space        |       |       |     1 |     2 |     1 ||     4
       Banish            |       |       |       |     5 |     8 ||    13
Evoke: Wand              |     5 |       |     5 |       |       ||    10
  Use: Potion            |     1 |       |       |     7 |     2 ||    10
       Scroll            |       |       |    20 |    20 |     6 ||    46
  Eat: Chunk             |       |       |     6 |    22 |     9 ||    37
       Ration            |       |       |     2 |     4 |     4 ||    10
Armor: Plate armour      |       |       |   271 |   490 |   179 ||   940
       Leather armour    |       |       |     8 |       |       ||     8
Dodge: Dodged            |       |       |    35 |    68 |    44 ||   147
Block: Shield            |       |       |   127 |   425 |   167 ||   719
       Other             |       |       |     3 |       |       ||     3
       Reflection        |       |       |     3 |    37 |     8 ||    48

Table legend:
 A = Non-vault XP
 B = Vault XP
 C = Vault XP percentage of total XP
 D = Non-vault monster count
 E = Vault monster count
 F = Vault count percentage of total count
                 A         B        C        D         E       F
            +---------+---------+-------+---------+---------+-------
      Total |   44295 |   19320 |  30.4 |     308 |      65 |  17.4
            +---------+---------+-------+---------+---------+-------
        D:1 |      16 |       0 |   0.0 |      10 |       0 |   0.0
        D:2 |      44 |     298 |  87.1 |      18 |       3 |  14.3
        D:3 |      97 |       0 |   0.0 |      23 |       0 |   0.0
        D:4 |    1412 |       0 |   0.0 |      23 |       0 |   0.0
        D:5 |    1012 |       0 |   0.0 |      25 |       0 |   0.0
        D:6 |     595 |       0 |   0.0 |      14 |       0 |   0.0
        D:7 |    1316 |     211 |  13.8 |      18 |       1 |   5.3
        D:8 |    1688 |    2824 |  62.6 |      18 |      14 |  43.8
        D:9 |    2455 |    4564 |  65.0 |      24 |      22 |  47.8
       D:10 |     889 |    1621 |  64.6 |      13 |      10 |  43.5
       D:11 |    3251 |    1974 |  37.8 |      18 |       7 |  28.0
       D:12 |    5412 |    1960 |  26.6 |      21 |       2 |   8.7
       D:13 |    4539 |    5868 |  56.4 |      26 |       6 |  18.8
       D:14 |    9992 |       0 |   0.0 |      24 |       0 |   0.0
       D:15 |    9129 |       0 |   0.0 |      31 |       0 |   0.0
    Abyss:2 |    2448 |       0 |   0.0 |       2 |       0 |   0.0
            +---------+---------+-------+---------+---------+-------
